Workbook

Sheet Scenarios (2)
A1: Assumptions by scenario | B1: Inputs: edit the blue cells on the 'Assumptions by scenario' sheet; this table follows them.
A2: scenario | B2: line | C2: FY2025 | D2: FY2026 | E2: FY2027 | F2: FY2028
A3: bear | B3: growth | C3: ='Assumptions by scenario'!C2 | D3: ='Assumptions by scenario'!D2 -> 0.4 | E3: ='Assumptions by scenario'!E2 -> 0.15 | F3: ='Assumptions by scenario'!F2 -> 0.05
B4: ebitda margin | C4: ='Assumptions by scenario'!C5 | D4: ='Assumptions by scenario'!D5 -> 0.5 | E4: ='Assumptions by scenario'!E5 -> 0.5 | F4: ='Assumptions by scenario'!F5 -> 0.5
A5: base | B5: growth | C5: ='Assumptions by scenario'!C3 | D5: ='Assumptions by scenario'!D3 -> 0.9 | E5: ='Assumptions by scenario'!E3 -> 0.45 | F5: ='Assumptions by scenario'!F3 -> 0.25
B6: ebitda margin | C6: ='Assumptions by scenario'!C6 | D6: ='Assumptions by scenario'!D6 -> 0.58 | E6: ='Assumptions by scenario'!E6 -> 0.6 | F6: ='Assumptions by scenario'!F6 -> 0.62
A7: bull | B7: growth | C7: ='Assumptions by scenario'!C4 | D7: ='Assumptions by scenario'!D4 -> 1.2 | E7: ='Assumptions by scenario'!E4 -> 0.7 | F7: ='Assumptions by scenario'!F4 -> 0.4
B8: ebitda margin | C8: ='Assumptions by scenario'!C7 | D8: ='Assumptions by scenario'!D7 -> 0.62 | E8: ='Assumptions by scenario'!E7 -> 0.65 | F8: ='Assumptions by scenario'!F7 -> 0.67
A10: Revenue by scenario
A11: scenario | B11: FY2025 | C11: FY2026 | D11: FY2027 | E11: FY2028
A12: bear | B12: ='Income statement'!C2 -> 5131 | C12: ='Income statement'!D2 -> 7183.4 | D12: ='Income statement'!E2 -> 8260.91 | E12: ='Income statement'!F2 -> 8673.9555
A13: base | B13: ='Income statement'!C3 -> 5131 | C13: ='Income statement'!D3 -> 9748.9 | D13: ='Income statement'!E3 -> 14135.905 | E13: ='Income statement'!F3 -> 17669.881
A14: bull | B14: ='Income statement'!C4 -> 5131 | C14: ='Income statement'!D4 -> 11288.2 | D14: ='Income statement'!E4 -> 19189.94 | E14: ='Income statement'!F4 -> 26865.916
A33: FY2028 revenue and EBITDA by scenario
A34: scenario | B34: revenue fy2028 | C34: ebitda fy2028
A35: bear | B35: ='FY2028 revenue by scenario'!B2 -> 8673.9555 | C35: ='FY2028 revenue by scenario'!B3 -> 4336.9777
A36: base | B36: ='FY2028 revenue by scenario'!C2 -> 17669.881 | C36: ='FY2028 revenue by scenario'!C3 -> 10955.326
A37: bull | B37: ='FY2028 revenue by scenario'!D2 -> 26865.916 | C37: ='FY2028 revenue by scenario'!D3 -> 18000.164
A56: Every cell on this sheet refers to the statement sheets; edit inputs there (blue) and this dashboard follows.

Sheet History
A1: line | B1: FY2025 | C1: FY2026 | D1: FY2027 | E1: FY2028
A2: revenue | B2: 5131
A3: ebitda | B3: 3093

Sheet Assumptions by scenario
A1: line | B1: scenario | C1: FY2025 | D1: FY2026 | E1: FY2027 | F1: FY2028
A2: growth | B2: bear | D2: 0.4 | E2: 0.15 | F2: 0.05
A3: growth | B3: base | D3: 0.9 | E3: 0.45 | F3: 0.25
A4: growth | B4: bull | D4: 1.2 | E4: 0.7 | F4: 0.4
A5: ebitda margin | B5: bear | D5: 0.5 | E5: 0.5 | F5: 0.5
A6: ebitda margin | B6: base | D6: 0.58 | E6: 0.6 | F6: 0.62
A7: ebitda margin | B7: bull | D7: 0.62 | E7: 0.65 | F7: 0.67

Sheet Income statement
A1: line | B1: scenario | C1: FY2025 | D1: FY2026 | E1: FY2027 | F1: FY2028
A2: revenue | B2: bear | C2: ='History'!B2 -> 5131 | D2: =(C2*(1+'Assumptions by scenario'!D2)) -> 7183.4 | E2: =(D2*(1+'Assumptions by scenario'!E2)) -> 8260.91 | F2: =(E2*(1+'Assumptions by scenario'!F2)) -> 8673.9555
A3: revenue | B3: base | C3: ='History'!B2 -> 5131 | D3: =(C3*(1+'Assumptions by scenario'!D3)) -> 9748.9 | E3: =(D3*(1+'Assumptions by scenario'!E3)) -> 14135.905 | F3: =(E3*(1+'Assumptions by scenario'!F3)) -> 17669.881
A4: revenue | B4: bull | C4: ='History'!B2 -> 5131 | D4: =(C4*(1+'Assumptions by scenario'!D4)) -> 11288.2 | E4: =(D4*(1+'Assumptions by scenario'!E4)) -> 19189.94 | F4: =(E4*(1+'Assumptions by scenario'!F4)) -> 26865.916
A5: ebitda | B5: bear | C5: ='History'!B3 -> 3093 | D5: =(D2*'Assumptions by scenario'!D5) -> 3591.7 | E5: =(E2*'Assumptions by scenario'!E5) -> 4130.455 | F5: =(F2*'Assumptions by scenario'!F5) -> 4336.9777
A6: ebitda | B6: base | C6: ='History'!B3 -> 3093 | D6: =(D3*'Assumptions by scenario'!D6) -> 5654.362 | E6: =(E3*'Assumptions by scenario'!E6) -> 8481.543 | F6: =(F3*'Assumptions by scenario'!F6) -> 10955.326
A7: ebitda | B7: bull | C7: ='History'!B3 -> 3093 | D7: =(D4*'Assumptions by scenario'!D7) -> 6998.684 | E7: =(E4*'Assumptions by scenario'!E7) -> 12473.461 | F7: =(F4*'Assumptions by scenario'!F7) -> 18000.164
A8: ebitda margin | B8: bear | C8: =(C5/C2) -> 0.60280647 | D8: =(D5/D2) -> 0.5 | E8: =(E5/E2) -> 0.5 | F8: =(F5/F2) -> 0.5
A9: ebitda margin | B9: base | C9: =(C6/C3) -> 0.60280647 | D9: =(D6/D3) -> 0.58 | E9: =(E6/E3) -> 0.6 | F9: =(F6/F3) -> 0.62
A10: ebitda margin | B10: bull | C10: =(C7/C4) -> 0.60280647 | D10: =(D7/D4) -> 0.62 | E10: =(E7/E4) -> 0.65 | F10: =(F7/F4) -> 0.67

Sheet FY2028 revenue by scenario
A1: line | B1: bear | C1: base | D1: bull
A2: revenue fy2028 | B2: ='Income statement'!F2 -> 8673.9555 | C2: ='Income statement'!F3 -> 17669.881 | D2: ='Income statement'!F4 -> 26865.916
A3: ebitda fy2028 | B3: ='Income statement'!F5 -> 4336.9777 | C3: ='Income statement'!F6 -> 10955.326 | D3: ='Income statement'!F7 -> 18000.164

Sheet Periods
A1: ID | B1: Name | C1: Start | D1: End | E1: Frame | F1: Year | G1: Quarter | H1: Index
A2: fy2025 | B2: FY2025 | C2: 45658 | D2: 46022 | E2: hist | F2: 2025 | G2: Q1 2025 | H2: 0
A3: fy2026 | B3: FY2026 | C3: 46023 | D3: 46387 | E3: fcst | F3: 2026 | G3: Q1 2026 | H3: 1
A4: fy2027 | B4: FY2027 | C4: 46388 | D4: 46752 | E4: fcst | F4: 2027 | G4: Q1 2027 | H4: 2
A5: fy2028 | B5: FY2028 | C5: 46753 | D5: 47118 | E5: fcst | F5: 2028 | G5: Q1 2028 | H5: 3

Sheet Scenarios
A1: ID
A2: bear
A3: base
A4: bull

Sheet History lines
A1: ID | B1: name | C1: format
A2: revenue | B2: revenue
A3: ebitda | B3: ebitda

Sheet Assumptions by scenario lines
A1: ID | B1: name | C1: format
A2: growth | B2: growth | C2: percent
A3: ebitda_margin | B3: ebitda margin | C3: percent

Sheet Income statement lines
A1: ID | B1: name | C1: format
A2: revenue | B2: revenue
A3: ebitda | B3: ebitda
A4: ebitda_margin | B4: ebitda margin | C4: percent

Sheet FY2028 revenue by scenario line
A1: ID | B1: name | C1: format
A2: revenue_fy2028 | B2: revenue fy2028
A3: ebitda_fy2028 | B3: ebitda fy2028

Sheet Rules
A1: Table | B1: Target | C1: When | D1: Formula | E1: Status
A2: income_statement | B2: value | C2: line = revenue, frame = hist | D2: history.revenue | E2: ok
A3: income_statement | B3: value | C3: line = ebitda, frame = hist | D3: history.ebitda | E3: ok
A4: income_statement | B4: value | C4: line = revenue, frame = fcst | D4: PREV(revenue) * (1 + assumptions.growth) | E4: ok
A5: income_statement | B5: value | C5: line = ebitda, frame = fcst | D5: revenue * assumptions.ebitda_margin | E5: ok
A6: income_statement | B6: value | C6: line = ebitda_margin | D6: ebitda / revenue | E6: ok
A7: sensitivity | B7: value | C7: line = revenue_fy2028 | D7: income_statement.revenue[period=fy2028] | E7: ok
A8: sensitivity | B8: value | C8: line = ebitda_fy2028 | D8: income_statement.ebitda[period=fy2028] | E8: ok
A10: Rules are what the model is made of; the cell formulas on the other sheets were compiled from them. Inputs are blue, formulas black.
